AoeStats
← FutureEwe5582

Black Forest

510767164Analyzed
4v4 RM · 12h ago on Oct 2, 2026· 47m 1s· 8 players
Game mode
Random Map
Map size
Large (8 player)
Population
200
Speed
Normal
Resources
Standard
Victory
Conquest
Starting age
Dark Age
Ending age
Imperial Age
RankedLock teamsTeams togetherTeam positionsShared explorationLock speedFull tech treeHidden civsTurbo modeCheats
Victory
Defeat
1766
+11
🇨🇳 Jurchens · China
1739
+12
🇭🇰 Bengalis · Hong Kong SAR China
1711
+14
1678
+15
🇳🇱 Danes · Netherlands
1737
-15
🇨🇳 Lithuanians · China
1681
-14
🇦🇷 Japanese · Argentina
1679
-14
🇹🇼 Teutons · Taiwan
1541
-9
投掷哥布林
7:53 Loom
10:12 Feudal Age
14:08 Castle Age
12:21 Double-Bit Axe
12:22 Horse Collar
17:11 Bow Saw
17:04 Heavy Plow
18:03 Fervor
21:16 Wheelbarrow
24:00 Gold Mining
24:55 Scale Barding Armor
25:26 Forging
26:03 Hand Cart
25:34 Town Watch
25:52 Husbandry
26:03 Bloodlines
26:59 Chain Barding Armor
28:11 Iron Casting
30:57 Imperial Age
32:23 Plate Barding Armor
31:09 Cavalier
32:40 Conscription
32:36 Fletching
33:12 Paladin
34:14 Elite Skirmisher
35:59 Chemistry
34:56 Bodkin Arrow
35:02 Padded Archer Armor
37:29 Light Cavalry
FutureEwe5582
11:19 Feudal Age
14:56 Castle Age
12:54 Double-Bit Axe
16:19 Wheelbarrow
16:02 Bow Saw
24:02 Fletching
27:48 Imperial Age
25:56 Ballistics
25:17 Treadmill Crane
25:28 Guard Tower
25:25 Fishing Lines
26:10 Loom
26:41 Hand Cart
26:12 Town Watch
26:23 Bodkin Arrow
26:36 Gillnets
26:53 Gold Mining
27:33 Padded Archer Armor
27:23 Horse Collar
28:31 Bracer
29:32 Chemistry
28:54 Conscription
28:22 Elite Skirmisher
30:17 Two-Man Saw
30:23 Two-Man Saw
29:32 Thumb Ring
29:44 Leather Archer Armor
29:52 Yasama
32:06 Kataparuto
32:18 Ring Archer Armor
32:25 Keep
31:36 Arrowslits
32:04 Masonry
32:56 Siege Engineers
33:23 Heavy Cavalry Archer
34:14 Stone Mining
35:00 Gold Shaft Mining
35:02 Parthian Tactics
39:13 Bloodlines
39:04 Husbandry
Loki
0:39 Loom
13:27 Feudal Age
14:46 Double-Bit Axe
17:12 Castle Age
16:46 Fishing Lines
18:07 Bow Saw
24:22 Wheelbarrow
24:03 Gillnets
24:52 Gold Mining
26:53 Hand Cart
31:21 Imperial Age
30:28 Gold Shaft Mining
30:16 Masonry
31:37 Scale Mail Armor
31:48 Forging
31:31 Onager
32:18 Siege Engineers
33:14 Chemistry
32:38 Chain Mail Armor
32:05 Northmen's Fury
33:38 Conscription
33:10 Horse Collar
33:13 Siege Onager
34:19 Squires
34:51 Plate Mail Armor
33:54 Hamask
35:36 Elite Varangian Guard
37:29 Iron Casting
37:12 Gambesons
39:00 Caravan
40:26 Blast Furnace
yclin124
1:27 Loom
10:18 Feudal Age
10:39 Man-at-Arms
15:37 Double-Bit Axe
18:15 Gold Mining
19:07 Horse Collar
24:37 Castle Age
22:43 Fishing Lines
23:31 Stone Mining
30:42 Bow Saw
31:13 Wheelbarrow
35:09 Imperial Age
34:30 Scale Mail Armor
37:47 Pikeman
38:27 Squires
38:42 Long Swordsman
压力我的是猪
5:36 Loom
9:39 Feudal Age
12:04 Feudal Age
13:23 Double-Bit Axe
16:20 Castle Age
14:36 Fishing Lines
17:59 Bow Saw
18:54 Horse Collar
22:21 Heavy Plow
23:09 Wheelbarrow
23:55 Gold Mining
25:54 Coinage
25:48 Gillnets
27:02 Stone Mining
28:23 Gold Shaft Mining
30:46 Imperial Age
28:30 Light Cavalry
29:05 Fletching
30:01 Hand Cart
30:12 Forging
30:08 Scale Barding Armor
31:18 Bloodlines
31:09 Husbandry
34:18 Iron Casting
34:04 Chain Barding Armor
34:12 Caravan
34:36 Paiks
35:18 Iron Casting
35:59 Plate Barding Armor
36:20 Bodkin Arrow
36:25 Padded Archer Armor
36:37 Masonry
37:32 Elite Skirmisher
43:48 Blast Furnace
44:31 Bracer
44:46 Leather Archer Armor
45:33 Chemistry
46:01 Ballistics
45:48 Elite Elephant Archer
47:31 Ring Archer Armor
江东小霸王
0:31 Loom
15:46 Feudal Age
17:11 Double-Bit Axe
20:08 Castle Age
19:44 Fishing Lines
21:04 Bow Saw
21:04 Gillnets
22:13 Gold Mining
28:01 Imperial Age
28:07 Wheelbarrow
28:46 Gold Shaft Mining
28:47 Siege Engineers
30:40 Chemistry
29:45 Town Watch
30:07 Heavy Rocket Cart
32:25 Conscription
35:50 Hand Cart
37:12 Thunderclap Bombs
38:28 Ballistics
38:01 Guard Tower
38:02 Fletching
38:22 Caravan
38:44 Arrowslits
38:57 Bodkin Arrow
40:41 Keep
40:36 Bracer
41:29 Masonry
46:38 Two-Man Saw
鹿乃子乃子虎视眈眈
9:13 Loom
11:53 Feudal Age
15:44 Castle Age
21:43 Imperial Age
21:43 Chemistry
21:27 Double-Bit Axe
28:13 Pikeman
33:07 Halberdier
34:39 Scale Mail Armor
41:54 Wheelbarrow
41:43 Bow Saw
41:18 Horse Collar
43:20 Siege Engineers
42:51 Houfnice
45:08 Padded Archer Armor
47:07 Leather Archer Armor
这条小鱼谁在乎
10:49 Feudal Age
14:54 Castle Age
13:55 Double-Bit Axe
17:22 Fishing Lines
17:53 Bow Saw
24:57 Imperial Age
23:40 Sanctity
24:05 Wheelbarrow
23:23 Gold Mining
24:05 Loom
24:09 Horse Collar
25:26 Bloodlines
26:32 Scale Barding Armor
28:48 Chain Barding Armor
29:16 Conscription
31:46 Plate Barding Armor
31:57 Forging
32:37 Elite Leitis
34:52 Iron Casting
35:23 Fletching
36:08 Husbandry
41:55 Bodkin Arrow
44:24 Bracer
44:25 Padded Archer Armor
44:25 Scale Mail Armor
Connection lost

Rejoining the realm…

Still unreachable

The connection could not be restored.

Session expired

The server has moved on; the page needs a fresh start.